 Dungeon Crawl Stone Soup version 0.26-a0-660-gc07710193c (webtiles) character file.

Game seed: 1241735601402124594

95 grandjackal the Slasher (level 4, -1/35 HPs)
             Began as a Demonspawn Gladiator on Oct 5, 2020.
             Slain by a leopard gecko (4 damage)
             ... in a sewer.
             The game lasted 00:01:56 (1276 turns).

grandjackal the Slasher (Demonspawn Gladiator)      Turns: 1276, Time: 00:01:56

Health: -1/35      AC:  3    Str: 15    XL:     4   Next: 40%
Magic:  4/4        EV: 10    Int:  9    God:
Gold:   72         SH:  0    Dex: 15    Spells: 3/3 levels left

rFire    . . .     SeeInvis .   a - +0 long sword
rCold    . . .     Faith    .   (no shield)
rNeg     . . .     Spirit   .   b - +0 leather armour
rPois    .         Reflect  .   (helmet restricted)
rElec    .         Harm     .   (no cloak)
rCorr    .         Rampage  .   (no gloves)
MR       .....                  (no boots)
Stlth    +.........             (no amulet)
HPRegen  0.11/turn              h - ring of flight
MPRegen  0.09/turn              (no ring)

@: constricted
A: horns 1
a: Evoke Flight


You were in a sewer.
You visited 1 branch of the dungeon, and saw 3 of its levels.
You also visited: Sewer.

You collected 72 gold pieces.

Inventory:

Hand Weapons
 a - a +0 long sword (weapon)
 i - a +0 dagger of venom
Missiles
 d - 3 throwing nets (quivered)
Armour
 b - a +0 leather armour (worn)
Jewellery
 h - a ring of flight (left hand)
Wands
 g - a wand of enslavement (9)
Scrolls
 c - a scroll of fog {unknown}
 e - a scroll of teleportation {unknown}
Potions
 f - a potion of berserk rage {unknown}


   Skills:
 + Level 3.1 Fighting
 + Level 3.5 Long Blades
 - Level 1.7 Throwing
 + Level 3.4 Dodging


You had 3 spell levels left.
You didn't know any spells.
Your spell library was empty.

Dungeon Overview and Level Annotations

Branches:
Dungeon (3/15)              Sewer (1/1)

Altars:
Elyvilon


Innate Abilities, Weirdness & Mutations

You have a pair of small horns on your head.


Message History

The ball python constricts you. The leopard gecko bites you.
* * * LOW HITPOINT WARNING * * *
You closely miss the leopard gecko. Your headbutt misses the leopard gecko.
The leopard gecko is almost dead.
The ball python bites you but does no damage.
The ball python constricts you. The leopard gecko barely misses you.
Unknown command.
You escape the ball python's grasp.
You barely miss the leopard gecko. Your headbutt misses the leopard gecko.
The leopard gecko is almost dead.
The ball python barely misses you. The ball python grabs you.
The ball python constricts you. The leopard gecko barely misses you.
The ball python bites you.
* * * LOW HITPOINT WARNING * * *
The ball python constricts you.
Unknown command.
You closely miss the leopard gecko.
The leopard gecko is almost dead.
The leopard gecko bites you.
You die...

#≈.#≈≈#
#.≈#.≈#
##÷#≈≈#
#≈#≈≈#
#.#††#
#†#≈.#
###≈#≈≈#
#.≈.#†.#
#≈@##.##
##lS#..#
#≈≈≈#.∩#
##≈≈##..#
#≈≈≈#≈.##
#≈†≈≈#≈≈#
.≈≈≈≈##∩##
≈≈≈≈≈.#####
≈≈≈≈≈≈≈##


You could see a leopard gecko and a ball python.

Vanquished Creatures
  4 adders
  2 oozes (Sewer)
  A worm (D:2)
  A dart slug (D:1)
  A leopard gecko (Sewer)
  A ball python (Sewer)
  5 bats
  5 giant cockroaches
  5 goblins
  5 hobgoblins (D:1)
  4 jackals (D:3)
  8 frilled lizards
  4 rats
46 creatures vanquished.

Notes
Turn   | Place    | Note
-------+----------+-------------------------------------------
     0 | D:1      | grandjackal the Demonspawn Gladiator began the quest for
                  | the Orb.
     0 | D:1      | Reached XP level 1. HP: 16/16 MP: 1/1
   180 | D:1      | Gained mutation: You have a pair of small horns on your
                  | head. [demonic ancestry]
   180 | D:1      | Reached XP level 2. HP: 19/22 MP: 2/2
   621 | D:2      | Reached XP level 3. HP: 28/28 MP: 3/3
   639 | D:2      | You fall into a shaft and drop 1 floor!
   670 | D:3      | Found a white marble altar of Elyvilon.
   804 | D:3      | Found a glowing drain.
   926 | Sewer    | Entered a sewer
   965 | Sewer    | Reached XP level 4. HP: 35/35 MP: 4/4
  1276 | Sewer    | Slain by a leopard gecko

Illustrated notes

Levels and vault maps discovered:
D:1:      saegor_arrival_simple_c, layout_rooms
D:2:      layout_loops_ring, nicolae_overflow_crystal_walls
D:3:      layout_rooms, portal_sewer_entry_b, chequers_ecumenical_altar_twisty,
          elyvilon_altar_5
Sewer:    sewer_frog_island_02

Skill      XL: |  1  2  3 |
---------------+----------+-----
Long Blades    | 3 |  3.5
Dodging        | 3 |  3.4
Fighting       | 3 |  3.1
Throwing       | |  1.7

Action                   |  1- 3 |  4- 6 || total
-------------------------+-------+-------++-------
Melee: Long sword        |    79 |    50 ||   129
       Headbutt          |    12 |     7 ||    19
Armor: Leather armour    |    19 |    10 ||    29
Dodge: Dodged            |    62 |    52 ||   114
       Rpst.: Long sword |    23 |     9 ||    32

Table legend: (Time is in decaauts)
 A = Elapsed time spent in this place.
 B = Non-inter-level travel time spent in this place.
 C = Inter-level travel time spent in this place.
 D = Time resting spent in this place.
 E = Time spent auto-exploring this place.
 F = Levels seen in this place.
 G = Mean time per level.
                   A        B        C        D        E       F      G
               +--------+--------+--------+--------+--------+-----+--------+
         Total |   1317 |   1282 |     35 |    359 |    526 |   4 |  329.2 |
       Dungeon |    943 |    908 |     35 |    131 |    506 |   3 |  314.3 |
         Sewer |    374 |    374 |      0 |    228 |     20 |   1 |  374.0 |
               +--------+--------+--------+--------+--------+-----+--------+

Top non-repeatable levels by time:
     D:1: 564 daAuts
   Sewer: 374 daAuts
     D:3: 294 daAuts
     D:2: 85 daAuts
